Philadelphia Flyers vs Calgary Flames

Created - mercredi 12 décembre 2018 at 19:00

Goals
1 2 3 T
Philadelphia Flyers 2 1 4 7
Calgary Flames 0 0 1 1
Shots
1 2 3 T
Philadelphia Flyers 11 11 14 36
Calgary Flames 11 3 9 23

1st period

1. Philadelphia Flyers , Claude Giroux 11 (Ivan Provorov 10, Brandon Manning 6) at 16:04
2. Philadelphia Flyers , Claude Giroux 12 (Travis Konecny 4, Wayne Simmonds 8) at 16:20 (PP)

Penalties :
Mark Giordano (CGY) for Interference (Minor) at 16:07

2nd period

3. Philadelphia Flyers , Claude Giroux 13 (Travis Konecny 5, Zdeno Chara 5) at 0:57 (PP)

Penalties :
Erik Haula (CGY) for Interference (Minor) at 0:12, Josh Anderson (CGY) for High sticking (Minor) at 3:30, Colin Miller (CGY) for Tripping (Minor) at 13:21, Sam Bennett (CGY) for Holding (Minor) at 18:32

3rd period

4. Philadelphia Flyers , Sean Couturier 8 (Jakub Voracek 8, Brandon Manning 7) at 0:38
5. Calgary Flames , Paul Byron 9 (Michael Frolik 3, Erik Haula 14) at 7:23
6. Philadelphia Flyers , Wayne Simmonds 13 (Claude Giroux 24) at 13:23 (PP)
7. Philadelphia Flyers , Claude Giroux 14 (Pavel Buchnevich 6, Jakub Voracek 9) at 15:41
8. Philadelphia Flyers , Ivan Provorov 1 (Brian Gionta 5, Henrik Lundqvist) at 17:06 (PP)

Penalties :
Reilly Smith (CGY) for Hooking (Minor) at 1:07, Michael Stone (CGY) for Roughing (Minor) at 13:20, Radek Faksa (CGY) for Fighting (Major) at 15:48, Michael Raffl (PHI) for Fighting (Major) at 15:48, Alex Chiasson (CGY) for Fighting (Major) at 16:33, Wayne Simmonds (PHI) for Fighting (Major) at 16:33, Alex Chiasson (CGY) for instigated a fight (Minor) at 16:33, Alex Chiasson (CGY) for instigated a fight (10 Minutes Misconduct) at 16:33

Goalie Stats

Henrik Lundqvist (PHI), 22 saves from 23 shots - (0.957), W, 14-6-3, 60:00 minutes
Mike Smith (CGY), 29 saves from 36 shots - (0.806), L, 20-8-2, 60:00 minutes

Players Stats for Philadelphia Flyers

Player Name              G  A  P  +/- PIM S  H  SB GA TA FO     MP     PP MP  PK MP  
------------------------------------------------------------------------------------
Brandon Manning          0  2  2   3  0   0  3  1  0  0  0/0    22:15   5:16   0:00 
Brandon Sutter           0  0  0   0  0   1  1  0  1  0  2/6    12:52   0:12   0:00 
Brenden Dillon           0  0  0  -1  0   0  1  2  0  0  0/0    17:25   0:00   0:00 
Brian Gionta             0  1  1   0  0   0  1  0  0  0  0/0    13:42   0:40   0:00 
Claude Giroux            4  1  5   2  0   8  0  0  0  1  12/22  18:30   5:39   0:00 
Ivan Provorov            1  1  2   2  0   4  0  1  1  0  0/0    23:36   4:47   0:00 
Jacob de la Rose         0  0  0   0  0   0  2  0  0  0  0/0    13:25   0:29   0:00 
Jakub Voracek            0  2  2   3  0   1  0  0  0  0  0/0    15:53   3:39   0:00 
Michael Raffl            0  0  0   0  5   2  0  0  0  0  0/0    11:42   0:00   0:00 
Nolan Patrick            0  0  0   0  0   4  1  0  1  0  10/16  12:50   0:00   0:00 
Pavel Buchnevich         0  1  1   3  0   3  1  0  0  0  0/0    15:42   3:38   0:00 
Robert Hagg              0  0  0   0  0   0  4  0  0  0  0/0    17:12   0:00   0:00 
Ryan McDonagh            0  0  0   0  0   2  0  1  0  1  0/0    16:55   4:14   0:00 
Scott Laughton           0  0  0   0  0   2  4  0  0  0  0/1    12:36   0:00   0:00 
Sean Couturier           1  0  1   0  0   2  3  0  0  0  7/13   17:05   3:39   0:00 
Travis Konecny           0  2  2  -1  0   2  4  0  0  1  0/0    18:12   5:22   0:00 
Wayne Simmonds           1  1  2  -1  5   5  3  0  1  0  2/4    17:29   5:12   0:00 
Zdeno Chara              0  1  1   0  0   0  3  1  0  1  0/0    22:37   4:43   0:00 

Players Stats for Calgary Flames

Player Name              G  A  P  +/- PIM S  H  SB GA TA FO     MP     PP MP  PK MP  
------------------------------------------------------------------------------------
Adam Pelech              0  0  0   0  0   0  2  0  1  1  0/0    21:11   0:00   5:45 
Alex Chiasson            0  0  0  -2  17  1  3  0  0  0  1/1    15:54   0:00   4:08 
Colin Miller             0  0  0  -2  2   0  1  1  0  0  0/0    17:30   0:00   0:00 
Daniel Carr              0  0  0  -1  0   4  1  1  0  0  0/1    13:23   0:00   0:53 
Erik Haula               0  1  1   1  2   3  2  0  0  0  5/9    13:28   0:00   0:58 
Jake Gardiner            0  0  0   0  0   0  0  2  0  0  0/0    15:38   0:00   0:00 
Johnny Gaudreau          0  0  0  -1  0   4  1  0  0  0  0/3    14:12   0:00   0:00 
Josh Anderson            0  0  0   0  2   0  1  0  0  1  0/0    12:21   0:00   0:00 
Mark Giordano            0  0  0   0  2   0  1  1  0  1  0/0    22:10   0:00   3:48 
Michael Frolik           0  1  1   1  0   0  0  0  0  0  1/1    15:53   0:00   4:29 
Michael Stone            0  0  0  -2  2   0  0  3  1  1  0/0    22:10   0:00   5:42 
Micheal Ferland          0  0  0   0  0   0  1  0  0  0  0/0    12:04   0:00   0:00 
Paul Byron               1  0  1   0  0   3  1  0  0  0  4/11   16:40   0:00   4:33 
Radek Faksa              0  0  0   0  5   0  2  0  0  0  6/10   15:07   0:00   3:59 
Reilly Smith             0  0  0  -1  2   3  2  0  1  0  0/1    14:06   0:00   0:00 
Sam Bennett              0  0  0  -2  2   2  1  1  0  0  5/9    12:31   0:00   0:00 
Sean Monahan             0  0  0  -1  0   2  1  0  0  0  7/16   14:40   0:00   0:00 
TJ Brodie                0  0  0   0  0   1  1  2  1  0  0/0    21:23   0:00   3:45 

3 Stars

1 - Claude Giroux (PHI)
2 - Brandon Manning (PHI)
3 - Ivan Provorov (PHI)

Power Play

Philadelphia Flyers - 4 on 8 Attempt(s) - 50.00%
Calgary Flames - 0 on 0 Attempt(s) - 0.00%

Penalty Kill

Philadelphia Flyers - 0 on 0 Attempt(s) - 0.00% - Score 0 goal in Penalty Kill
Calgary Flames - 4 on 8 Attempt(s) - 50.00% - Score 0 goal in Penalty Kill

Team Stat

Philadelphia Flyers - Hits : 31 - Faceoff Wins : 33 - Blocked Shots : 6 - Penalty Minutes : 10
Calgary Flames - Hits : 21 - Faceoff Wins : 29 - Blocked Shots : 11 - Penalty Minutes : 36

Official

Referees : Ghislain Hebert and Kelly Sutherland
Linesman : Lonnie Cameron and Mark Wheler

Game Notes

Claude Giroux has scored a Hat Trick!
Ryan McDonagh is injured at 7:15 of 3rd period (Sprained Left Ankle)
Michael Raffl beats up Radek Faksa at 15:48 of 3rd period
Alex Chiasson and Wayne Simmonds fight to a draw at 16:33 of 3rd period

Finance

Level 1 -- Attendance: 10000 (100.00%) -- Ticket Income fr. 800'000
Level 2 -- Attendance: 1615 (80.75%) -- Ticket Income fr. 104'975
Level 3 -- Attendance: 3125 (89.29%) -- Ticket Income fr. 109'375
Level 4 -- Attendance: 1376 (94.90%) -- Ticket Income fr. 27'520
Luxury Box -- Attendance: 50 (100.00%) -- Ticket Income fr. 10'000
Game was played at the Scotiabank Saddledome.
Total Attendance: 16166 (95.09%)
Total Ticket Income: fr. 1'051'870
Total Income: fr. 1'051'870

Philadelphia Flyers

5 vs 5 Forward 
   Center                   Left Wing                Right Wing               Time % Phy DF OF 
 1 Claude Giroux            Jakub Voracek            Pavel Buchnevich         25     0   2  3  
 2 Sean Couturier           Travis Konecny           Wayne Simmonds           25     0   2  3  
 3 Brandon Sutter           Scott Laughton           Brian Gionta             25     0   2  2  
 4 Nolan Patrick            Jacob de la Rose         Michael Raffl            25     1   4  0  

5 vs 5 Defense 
   Defense                  Defense                                           Time % Phy DF OF 
 1 Brenden Dillon           Zdeno Chara                                       33     1   3  1  
 2 Ivan Provorov            Brandon Manning                                   33     1   3  1  
 3 Ryan McDonagh            Robert Hagg                                       33     1   3  1  
 4 Zdeno Chara              Ivan Provorov                                     1      1   3  1  

PowerPlay Forward 
   Center                   Left Wing                Right Wing               Time % Phy DF OF 
 1 Claude Giroux            Travis Konecny           Wayne Simmonds           60     0   0  5  
 2 Sean Couturier           Jakub Voracek            Pavel Buchnevich         40     0   0  5  

PowerPlay Defense
   Defense                  Defense                                           Time % Phy DF OF 
 1 Ivan Provorov            Ryan McDonagh                                     50     0   0  5  
 2 Zdeno Chara              Brandon Manning                                   50     0   0  5  

Penalty Kill 4 Players Forward 
   Center                   Wing                     Time % Phy DF OF 
 1 Sean Couturier           Michael Raffl            50     1   4  0  
 2 Brandon Sutter           Wayne Simmonds           50     1   4  0  

Penalty Kill 4 Players Defense
   Defense                  Defense                  Time % Phy DF OF 
 1 Zdeno Chara              Brenden Dillon           50     1   4  0  
 2 Ryan McDonagh            Ivan Provorov            50     1   4  0  

Penalty Kill - 3 Players Forward 
   Forward                                           Time % Phy DF OF 
 1 Brandon Sutter                                    50     0   5  0  
 2 Sean Couturier                                    50     0   5  0  

Penalty Kill - 3 Players Defense
   Defense                  Defense                  Time % Phy DF OF 
 1 Ivan Provorov            Brandon Manning          50     0   5  0  
 2 Zdeno Chara              Brenden Dillon           50     0   5  0  

4 vs 4 Forward 
   Center                   Wing                     Time % Phy DF OF 
 1 Brandon Sutter           Jakub Voracek            50     0   2  3  
 2 Sean Couturier           Wayne Simmonds           50     0   2  3  

4 vs 4 Defense
   Defense                  Defense                  Time % Phy DF OF 
 1 Brandon Manning          Ivan Provorov            50     1   2  2  
 2 Zdeno Chara              Ryan McDonagh            50     1   2  2  

Last Minutes Offensive
   Center                   Left Wing                Right Wing               Defense                  Defense                  
   Claude Giroux            Travis Konecny           Jakub Voracek            Ivan Provorov            Ryan McDonagh            

Last Minutes Defensive
   Center                   Left Wing                Right Wing               Defense                  Defense                  
   Sean Couturier           Wayne Simmonds           Brandon Sutter           Zdeno Chara              Brenden Dillon           

Goaltenders
Starting : Henrik Lundqvist         
Backup : Brian Elliott            

Extra Forwards
Normal : Claude Giroux, Sean Couturier, Wayne Simmonds - PP : Claude Giroux, Jakub Voracek - PK : Brandon Sutter
Extra Defensemen
Normal : Ivan Provorov, Zdeno Chara, Ryan McDonagh - PP : Ivan Provorov - PK : Zdeno Chara, Ivan Provorov
Penalty Shots
Claude Giroux, Jakub Voracek, Sean Couturier, Wayne Simmonds, Travis Konecny
Custom OT Lines Forwards
Claude Giroux, Sean Couturier, Jakub Voracek, Wayne Simmonds, Travis Konecny, Pavel Buchnevich, Brandon Sutter, Brian Gionta, Michael Raffl, Nolan Patrick
Custom OT Lines Defensemen
Zdeno Chara, Ivan Provorov, Ryan McDonagh, Brenden Dillon, Brandon Manning

Scratches
Jordan Weal (Healthy)

Calgary Flames

5 vs 5 Forward 
   Center                   Left Wing                Right Wing               Time % Phy DF OF 
 1 Sean Monahan             Johnny Gaudreau          Reilly Smith             28     0   2  3  
 2 Erik Haula               Paul Byron               Michael Frolik           24     0   3  2  
 3 Radek Faksa              Micheal Ferland          Josh Anderson            24     0   3  2  
 4 Sam Bennett              Alex Chiasson            Daniel Carr              24     0   3  2  

5 vs 5 Defense 
   Defense                  Defense                                           Time % Phy DF OF 
 1 Mark Giordano            TJ Brodie                                         35     0   3  2  
 2 Jake Gardiner            Adam Pelech                                       33     0   3  2  
 3 Colin Miller             Michael Stone                                     32     0   3  2  
 4 Mark Giordano            TJ Brodie                                         0      0   3  2  

PowerPlay Forward 
   Center                   Left Wing                Right Wing               Time % Phy DF OF 
 1 Sean Monahan             Johnny Gaudreau          Reilly Smith             50     0   0  5  
 2 Erik Haula               Paul Byron               Micheal Ferland          50     0   0  5  

PowerPlay Defense
   Defense                  Defense                                           Time % Phy DF OF 
 1 Mark Giordano            TJ Brodie                                         48     0   1  4  
 2 Jake Gardiner            Colin Miller                                      52     0   1  4  

Penalty Kill 4 Players Forward 
   Center                   Wing                     Time % Phy DF OF 
 1 Radek Faksa              Michael Frolik           50     1   2  2  
 2 Paul Byron               Alex Chiasson            50     1   2  2  

Penalty Kill 4 Players Defense
   Defense                  Defense                  Time % Phy DF OF 
 1 Mark Giordano            TJ Brodie                48     1   3  1  
 2 Adam Pelech              Michael Stone            52     1   3  1  

Penalty Kill - 3 Players Forward 
   Forward                                           Time % Phy DF OF 
 1 Radek Faksa                                       50     1   2  2  
 2 Michael Frolik                                    50     1   2  2  

Penalty Kill - 3 Players Defense
   Defense                  Defense                  Time % Phy DF OF 
 1 Mark Giordano            TJ Brodie                48     1   3  1  
 2 Adam Pelech              Michael Stone            52     1   3  1  

4 vs 4 Forward 
   Center                   Wing                     Time % Phy DF OF 
 1 Sean Monahan             Johnny Gaudreau          48     0   2  3  
 2 Erik Haula               Reilly Smith             52     0   2  3  

4 vs 4 Defense
   Defense                  Defense                  Time % Phy DF OF 
 1 Mark Giordano            TJ Brodie                48     0   3  2  
 2 Jake Gardiner            Adam Pelech              52     0   3  2  

Last Minutes Offensive
   Center                   Left Wing                Right Wing               Defense                  Defense                  
   Sean Monahan             Johnny Gaudreau          Reilly Smith             Mark Giordano            Jake Gardiner            

Last Minutes Defensive
   Center                   Left Wing                Right Wing               Defense                  Defense                  
   Radek Faksa              Paul Byron               Michael Frolik           Mark Giordano            TJ Brodie                

Goaltenders
Starting : Mike Smith               
Backup : Chad Johnson             

Extra Forwards
Normal : Sean Monahan, Erik Haula, Micheal Ferland - PP : Sean Monahan, Erik Haula - PK : Radek Faksa
Extra Defensemen
Normal : Mark Giordano, Jake Gardiner, Colin Miller - PP : Jake Gardiner - PK : Mark Giordano, Adam Pelech
Penalty Shots
Johnny Gaudreau, Sean Monahan, Reilly Smith, Erik Haula, Radek Faksa
Custom OT Lines Forwards
Sean Monahan, Johnny Gaudreau, Erik Haula, Reilly Smith, Radek Faksa, Paul Byron, Michael Frolik, Sam Bennett, Micheal Ferland, Josh Anderson
Custom OT Lines Defensemen
Mark Giordano, TJ Brodie, Jake Gardiner, Adam Pelech, Colin Miller

Scratches
Danton Heinen (Broken Left Thumb Injury), Carter Rowney (Healthy), David Rittich (Healthy)

% Time on Ice - Philadelphia Flyers

Lines # - Real PCT - Wanted PCT - Time Play
Normal Forward
1 - 24% - 25% - 12:03
2 - 26% - 25% - 13:01
3 - 25% - 25% - 12:36
4 - 25% - 25% - 12:50
Normal Defense
1 - 32% - 33% - 16:14
2 - 34% - 33% - 17:17
3 - 34% - 33% - 16:56
4 - 0% - 1% - 0:03
PP Forward
1 - 62% - 60% - 5:51
2 - 38% - 40% - 3:39
PP Defense
1 - 50% - 50% - 4:47
2 - 50% - 50% - 4:43
PK Forward
1 - 0% - 50%
2 - 0% - 50%
PK Defense
1 - 0% - 50%
2 - 0% - 50%
PK3 Forward
1 - 0% - 50%
2 - 0% - 50%
PK3 Defense
1 - 0% - 50%
2 - 0% - 50%
44 Forward
1 - 0% - 50%
2 - 0% - 50%
44 Defense
1 - 0% - 50%
2 - 0% - 50%
Last Minute Offensive  - 0:00
Last Minute Defensive  - 0:00
Total
Forward - 60:00
Defense - 60:00

% Time on Ice - Calgary Flames

Lines # - Real PCT - Wanted PCT - Time Play
Normal Forward
1 - 28% - 28% - 14:07
2 - 24% - 24% - 11:54
3 - 24% - 24% - 12:04
4 - 25% - 24% - 12:25
Normal Defense
1 - 35% - 35% - 17:38
2 - 33% - 33% - 16:31
3 - 32% - 32% - 16:21
4 - 0% - 0% - 0:00
PP Forward
1 - 0% - 50%
2 - 0% - 50%
PP Defense
1 - 0% - 48%
2 - 0% - 52%
PK Forward
1 - 50% - 50% - 4:46
2 - 50% - 50% - 4:44
PK Defense
1 - 39% - 48% - 3:45
2 - 61% - 52% - 5:45
PK3 Forward
1 - 0% - 50%
2 - 0% - 50%
PK3 Defense
1 - 0% - 48%
2 - 0% - 52%
44 Forward
1 - 0% - 48%
2 - 0% - 52%
44 Defense
1 - 0% - 48%
2 - 0% - 52%
Last Minute Offensive  - 0:00
Last Minute Defensive  - 0:00
Total
Forward - 60:00
Defense - 60:00

Play-by-Play

1st period


0:01 of 1st period - Sean Monahan wins face-off versus Claude Giroux in neutral zone.
0:28 of 1st period - Snap shot by Erik Haula.
0:28 of 1st period - Stopped by Henrik Lundqvist with a rebound.
0:30 of 1st period - Snap shot by Michael Frolik.
0:30 of 1st period - Shot Misses the Net.
0:32 of 1st period - Backhand shot by Mark Giordano.
0:32 of 1st period - Shot Blocked by Zdeno Chara.
0:52 of 1st period - Josh Anderson is hit by Scott Laughton and loses puck.
0:57 of 1st period - Snap shot by Brandon Sutter.
0:57 of 1st period - Stopped by Mike Smith without a rebound.
0:58 of 1st period - Nolan Patrick wins face-off versus Sam Bennett in Calgary Flames zone.
1:13 of 1st period - Wrist shot by Daniel Carr.
1:13 of 1st period - Shot Misses the Net.
1:23 of 1st period - Radek Faksa is hit by Scott Laughton and loses puck.
1:48 of 1st period - Snap shot by Claude Giroux.
1:48 of 1st period - Stopped by Mike Smith without a rebound.
1:49 of 1st period - Nolan Patrick wins face-off versus Sean Monahan in Calgary Flames zone.
1:52 of 1st period - Slapshot by Nolan Patrick.
1:52 of 1st period - Stopped by Mike Smith with a rebound.
1:56 of 1st period - Wrist shot by Jacob de la Rose.
1:56 of 1st period - Shot Misses the Net.
1:58 of 1st period - Slapshot by Ryan McDonagh.
1:58 of 1st period - Stopped by Mike Smith with a rebound.
2:00 of 1st period - Slapshot by Robert Hagg.
2:00 of 1st period - Deflect By Michael Raffl.
2:00 of 1st period - Shot Misses the Net.
2:00 of 1st period - Puck is out of play.
2:01 of 1st period - Sam Bennett wins face-off versus Sean Couturier in Calgary Flames zone.
2:12 of 1st period - Wayne Simmonds is hit by Alex Chiasson and loses puck.
3:16 of 1st period - Josh Anderson is hit by Travis Konecny and loses puck.
3:47 of 1st period - Colin Miller is hit by Zdeno Chara and loses puck.
3:54 of 1st period - Brenden Dillon is hit by Daniel Carr and loses puck.
4:54 of 1st period - Backhand shot by Reilly Smith.
4:54 of 1st period - Shot Hit the Post.
5:12 of 1st period - Pavel Buchnevich is hit by Sam Bennett.
6:04 of 1st period - Ryan McDonagh is hit by Reilly Smith and loses puck.
6:59 of 1st period - Slapshot by Mark Giordano.
6:59 of 1st period - Deflect By Erik Haula.
6:59 of 1st period - Stopped by Henrik Lundqvist with a rebound.
7:05 of 1st period - TJ Brodie is hit by Sean Couturier and loses puck.
7:37 of 1st period - Icing by Pavel Buchnevich.
7:38 of 1st period - Claude Giroux wins face-off versus Daniel Carr in Philadelphia Flyers zone.
7:51 of 1st period - Snap shot by Scott Laughton.
7:51 of 1st period - Deflect By Brandon Sutter.
7:51 of 1st period - Shot Blocked by Sam Bennett.
7:51 of 1st period - Puck is out of play.
7:52 of 1st period - Sean Couturier wins face-off versus Sean Monahan in Calgary Flames zone.
8:02 of 1st period - Wrist shot by Johnny Gaudreau.
8:02 of 1st period - Stopped by Henrik Lundqvist with a rebound.
8:04 of 1st period - Slapshot by Reilly Smith.
8:04 of 1st period - Stopped by Henrik Lundqvist without a rebound.
8:05 of 1st period - Nolan Patrick wins face-off versus Radek Faksa in Philadelphia Flyers zone.
8:05 of 1st period - Nolan Patrick is hit by Josh Anderson.
8:33 of 1st period - Snap shot by Scott Laughton.
8:33 of 1st period - Stopped by Mike Smith without a rebound.
8:34 of 1st period - Sam Bennett wins face-off versus Brandon Sutter in Calgary Flames zone.
8:34 of 1st period - Sam Bennett is hit by Brandon Sutter.
8:59 of 1st period - Alex Chiasson is hit by Brandon Manning.
9:31 of 1st period - Snap shot by Sam Bennett.
9:31 of 1st period - Deflect By Daniel Carr.
9:31 of 1st period - Stopped by Henrik Lundqvist with a rebound.
9:33 of 1st period - Backhand shot by Jake Gardiner.
9:33 of 1st period - Shot Misses the Net.
9:35 of 1st period - Snap shot by Sam Bennett.
9:35 of 1st period - Shot Misses the Net.
9:45 of 1st period - Slapshot by Alex Chiasson.
9:45 of 1st period - Stopped by Henrik Lundqvist without a rebound.
9:46 of 1st period - Claude Giroux wins face-off versus Sean Monahan in Philadelphia Flyers zone.
9:46 of 1st period - Claude Giroux is hit by Mark Giordano.
9:52 of 1st period - Slapshot by Pavel Buchnevich.
9:52 of 1st period - Stopped by Mike Smith with a rebound.
10:12 of 1st period - Wayne Simmonds is hit by Erik Haula and loses puck.
10:35 of 1st period - Brandon Manning is hit by Radek Faksa and loses puck.
10:52 of 1st period - Slapshot by Claude Giroux.
10:52 of 1st period - Shot Misses the Net.
11:16 of 1st period - Wrist shot by Johnny Gaudreau.
11:16 of 1st period - Stopped by Henrik Lundqvist without a rebound.
11:17 of 1st period - Sean Monahan wins face-off versus Nolan Patrick in Philadelphia Flyers zone.
12:06 of 1st period - Snap shot by Paul Byron.
12:06 of 1st period - Shot Blocked by Ryan McDonagh.
12:16 of 1st period - Wrist shot by Erik Haula.
12:16 of 1st period - Shot Misses the Net.
13:21 of 1st period - Sean Monahan is hit by Travis Konecny and loses puck.
13:47 of 1st period - Snap shot by Scott Laughton.
13:47 of 1st period - Stopped by Mike Smith with a rebound.
14:23 of 1st period - Michael Stone is hit by Robert Hagg and loses puck.
14:28 of 1st period - Wrist shot by Claude Giroux.
14:28 of 1st period - Stopped by Mike Smith without a rebound.
14:29 of 1st period - Sean Couturier wins face-off versus Erik Haula in Calgary Flames zone.
14:32 of 1st period - Snap shot by Sean Couturier.
14:32 of 1st period - Shot Misses the Net.
14:40 of 1st period - Wrist shot by Erik Haula.
14:40 of 1st period - Shot Misses the Net.
14:42 of 1st period - Slapshot by TJ Brodie.
14:42 of 1st period - Stopped by Henrik Lundqvist with a rebound.
14:44 of 1st period - Wrist shot by Paul Byron.
14:44 of 1st period - Stopped by Henrik Lundqvist without a rebound.
14:45 of 1st period - Radek Faksa wins face-off versus Claude Giroux in Philadelphia Flyers zone.
14:52 of 1st period - Wrist shot by Radek Faksa.
14:52 of 1st period - Shot Blocked by Brenden Dillon.
14:55 of 1st period - Icing by Jakub Voracek.
14:56 of 1st period - Radek Faksa wins face-off versus Claude Giroux in Philadelphia Flyers zone.
15:13 of 1st period - Off-side.
15:14 of 1st period - Nolan Patrick wins face-off versus Johnny Gaudreau in neutral zone.
16:04 of 1st period - Snap shot by Ivan Provorov.
16:04 of 1st period - Deflect By Claude Giroux.
16:04 of 1st period - Goal by Claude Giroux - Philadelphia Flyers : 1 - Calgary Flames : 0.
16:05 of 1st period - Radek Faksa wins face-off versus Nolan Patrick in neutral zone.
16:07 of 1st period - Minor Penalty to Mark Giordano for Interference.
16:08 of 1st period - Claude Giroux wins face-off versus Radek Faksa in Calgary Flames zone.
16:20 of 1st period - Snap shot by Claude Giroux.
16:20 of 1st period - Goal by Claude Giroux - Philadelphia Flyers : 2 - Calgary Flames : 0.
16:21 of 1st period - Nolan Patrick wins face-off versus Sean Monahan in neutral zone.
16:46 of 1st period - TJ Brodie is hit by Robert Hagg and loses puck.
16:57 of 1st period - Josh Anderson is hit by Robert Hagg.
17:12 of 1st period - Jake Gardiner is hit by Wayne Simmonds and loses puck.
17:42 of 1st period - Snap shot by Claude Giroux.
17:42 of 1st period - Stopped by Mike Smith without a rebound.
17:43 of 1st period - Alex Chiasson wins face-off versus Nolan Patrick in Calgary Flames zone.
17:50 of 1st period - Snap shot by Sam Bennett.
17:50 of 1st period - Stopped by Henrik Lundqvist without a rebound.
17:51 of 1st period - Nolan Patrick wins face-off versus Sam Bennett in Philadelphia Flyers zone.
17:51 of 1st period - Nolan Patrick is hit by Alex Chiasson.
18:23 of 1st period - Snap shot by Paul Byron.
18:23 of 1st period - Shot Blocked by Brandon Manning.
19:04 of 1st period - Snap shot by Scott Laughton.
19:04 of 1st period - Shot Misses the Net.
19:06 of 1st period - Snap shot by Brian Gionta.
19:06 of 1st period - Shot Misses the Net.
19:16 of 1st period - Wrist shot by Reilly Smith.
19:16 of 1st period - Stopped by Henrik Lundqvist without a rebound.
19:17 of 1st period - Sam Bennett wins face-off versus Nolan Patrick in Philadelphia Flyers zone.
Goals for this period are 2 for Philadelphia Flyers vs 0 for Calgary Flames.
Shots for this period are 11 for Philadelphia Flyers vs 11 for Calgary Flames.

2nd period


0:01 of 2nd period - Erik Haula wins face-off versus Sean Couturier in neutral zone.
0:12 of 2nd period - Minor Penalty to Erik Haula for Interference.
0:13 of 2nd period - Paul Byron wins face-off versus Claude Giroux in Calgary Flames zone.
0:17 of 2nd period - Wrist shot by Wayne Simmonds.
0:17 of 2nd period - Stopped by Mike Smith without a rebound.
0:18 of 2nd period - Claude Giroux wins face-off versus Paul Byron in Calgary Flames zone.
0:57 of 2nd period - Snap shot by Travis Konecny.
0:57 of 2nd period - Deflect By Claude Giroux.
0:57 of 2nd period - Goal by Claude Giroux - Philadelphia Flyers : 3 - Calgary Flames : 0.
0:58 of 2nd period - Radek Faksa wins face-off versus Brandon Sutter in neutral zone.
0:58 of 2nd period - Radek Faksa is hit by Scott Laughton.
1:45 of 2nd period - Snap shot by Erik Haula.
1:45 of 2nd period - Shot Misses the Net.
3:00 of 2nd period - Slapshot by Michael Raffl.
3:00 of 2nd period - Stopped by Mike Smith without a rebound.
3:01 of 2nd period - Erik Haula wins face-off versus Claude Giroux in Calgary Flames zone.
3:30 of 2nd period - Minor Penalty to Josh Anderson for High sticking.
3:31 of 2nd period - Paul Byron wins face-off versus Claude Giroux in Calgary Flames zone.
3:31 of 2nd period - Paul Byron is hit by Travis Konecny.
4:14 of 2nd period - Adam Pelech is hit by Wayne Simmonds and loses puck.
5:22 of 2nd period - Mark Giordano is hit by Brian Gionta and loses puck.
5:30 of 2nd period - Penalty to Josh Anderson is over, Josh Anderson is back on ice.
6:21 of 2nd period - Brandon Sutter is hit by Sean Monahan and loses puck.
7:16 of 2nd period - Icing by Sean Couturier.
7:17 of 2nd period - Sean Couturier wins face-off versus Sean Monahan in Philadelphia Flyers zone.
7:41 of 2nd period - Slapshot by Ivan Provorov.
7:41 of 2nd period - Stopped by Mike Smith with a rebound.
7:43 of 2nd period - Snap shot by Jakub Voracek.
7:43 of 2nd period - Shot Blocked by Jake Gardiner.
8:06 of 2nd period - Sean Couturier is hit by Erik Haula and loses puck.
9:11 of 2nd period - Slapshot by Alex Chiasson.
9:11 of 2nd period - Shot Misses the Net.
9:34 of 2nd period - Sean Couturier is hit by Paul Byron and loses puck.
10:09 of 2nd period - Icing by Brandon Sutter.
10:10 of 2nd period - Sean Monahan wins face-off versus Brandon Sutter in Philadelphia Flyers zone.
10:13 of 2nd period - Slapshot by Johnny Gaudreau.
10:13 of 2nd period - Deflect By Reilly Smith.
10:13 of 2nd period - Shot Misses the Net.
10:13 of 2nd period - Puck is out of play.
10:14 of 2nd period - Claude Giroux wins face-off versus Johnny Gaudreau in Philadelphia Flyers zone.
10:14 of 2nd period - Claude Giroux is hit by Reilly Smith.
10:28 of 2nd period - Jake Gardiner is hit by Brandon Manning and loses puck.
10:39 of 2nd period - Slapshot by Sean Couturier.
10:39 of 2nd period - Stopped by Mike Smith with a rebound.
10:50 of 2nd period - Micheal Ferland is hit by Travis Konecny and loses puck.
11:29 of 2nd period - Slapshot by Ryan McDonagh.
11:29 of 2nd period - Deflect By Michael Raffl.
11:29 of 2nd period - Stopped by Mike Smith with a rebound.
12:07 of 2nd period - Colin Miller is hit by Wayne Simmonds and loses puck.
12:43 of 2nd period - Jacob de la Rose is hit by Alex Chiasson.
12:49 of 2nd period - Wrist shot by Daniel Carr.
12:49 of 2nd period - Stopped by Henrik Lundqvist without a rebound.
12:50 of 2nd period - Sean Monahan wins face-off versus Claude Giroux in Philadelphia Flyers zone.
13:21 of 2nd period - Minor Penalty to Colin Miller for Tripping.
13:22 of 2nd period - Claude Giroux wins face-off versus Paul Byron in Calgary Flames zone.
15:21 of 2nd period - Penalty to Colin Miller is over, Colin Miller is back on ice.
15:33 of 2nd period - Slapshot by Sean Monahan.
15:33 of 2nd period - Stopped by Henrik Lundqvist with a rebound.
15:43 of 2nd period - Reilly Smith is hit by Scott Laughton and loses puck.
16:10 of 2nd period - Slapshot by Daniel Carr.
16:10 of 2nd period - Stopped by Henrik Lundqvist with a rebound.
16:43 of 2nd period - Scott Laughton is hit by Johnny Gaudreau and loses puck.
17:57 of 2nd period - Icing by Johnny Gaudreau.
17:58 of 2nd period - Sean Couturier wins face-off versus Sean Monahan in Calgary Flames zone.
17:59 of 2nd period - Slapshot by Travis Konecny.
17:59 of 2nd period - Stopped by Mike Smith without a rebound.
18:00 of 2nd period - Nolan Patrick wins face-off versus Sam Bennett in Calgary Flames zone.
18:03 of 2nd period - Snap shot by Nolan Patrick.
18:03 of 2nd period - Stopped by Mike Smith with a rebound.
18:05 of 2nd period - Snap shot by Nolan Patrick.
18:05 of 2nd period - Stopped by Mike Smith with a rebound.
18:07 of 2nd period - Snap shot by Nolan Patrick.
18:07 of 2nd period - Stopped by Mike Smith with a rebound.
18:09 of 2nd period - Wrist shot by Robert Hagg.
18:09 of 2nd period - Deflect By Nolan Patrick.
18:09 of 2nd period - Shot Blocked by Michael Stone.
18:09 of 2nd period - Puck is out of play.
18:10 of 2nd period - Sean Couturier wins face-off versus Sam Bennett in Calgary Flames zone.
18:11 of 2nd period - Wrist shot by Wayne Simmonds.
18:11 of 2nd period - Stopped by Mike Smith with a rebound.
18:32 of 2nd period - Minor Penalty to Sam Bennett for Holding.
18:33 of 2nd period - Paul Byron wins face-off versus Wayne Simmonds in Calgary Flames zone.
18:58 of 2nd period - Michael Frolik is hit by Brandon Manning.
Goals for this period are 1 for Philadelphia Flyers vs 0 for Calgary Flames.
Shots for this period are 11 for Philadelphia Flyers vs 3 for Calgary Flames.

3rd period


0:01 of 3rd period - Claude Giroux wins face-off versus Paul Byron in neutral zone.
0:32 of 3rd period - Penalty to Sam Bennett is over, Sam Bennett is back on ice.
0:38 of 3rd period - Snap shot by Sean Couturier.
0:38 of 3rd period - Goal by Sean Couturier - Philadelphia Flyers : 4 - Calgary Flames : 0.
0:39 of 3rd period - Claude Giroux wins face-off versus Sean Monahan in neutral zone.
0:46 of 3rd period - Snap shot by Claude Giroux.
0:46 of 3rd period - Shot Blocked by Michael Stone.
0:48 of 3rd period - Snap shot by Pavel Buchnevich.
0:48 of 3rd period - Stopped by Mike Smith without a rebound.
0:49 of 3rd period - Claude Giroux wins face-off versus Sean Monahan in Calgary Flames zone.
0:50 of 3rd period - Snap shot by Jakub Voracek.
0:50 of 3rd period - Deflect By Michael Stone.
0:50 of 3rd period - Stopped by Mike Smith with a rebound.
1:00 of 3rd period - Snap shot by Jakub Voracek.
1:00 of 3rd period - Shot Misses the Net.
1:02 of 3rd period - Slapshot by Ryan McDonagh.
1:02 of 3rd period - Shot Blocked by Michael Stone.
1:07 of 3rd period - Minor Penalty to Reilly Smith for Hooking.
1:08 of 3rd period - Radek Faksa wins face-off versus Claude Giroux in Calgary Flames zone.
1:16 of 3rd period - Slapshot by Ivan Provorov.
1:16 of 3rd period - Shot Misses the Net.
1:18 of 3rd period - Backhand shot by Ryan McDonagh.
1:18 of 3rd period - Shot Misses the Net.
1:34 of 3rd period - TJ Brodie is hit by Pavel Buchnevich and loses puck.
1:39 of 3rd period - Wrist shot by Sean Couturier.
1:39 of 3rd period - Shot Blocked by TJ Brodie.
1:41 of 3rd period - Wrist shot by Jakub Voracek.
1:41 of 3rd period - Shot Misses the Net.
1:43 of 3rd period - Slapshot by Brandon Manning.
1:43 of 3rd period - Shot Misses the Net.
3:07 of 3rd period - Penalty to Reilly Smith is over, Reilly Smith is back on ice.
3:21 of 3rd period - Snap shot by Nolan Patrick.
3:21 of 3rd period - Deflect By Michael Raffl.
3:21 of 3rd period - Shot Blocked by Mark Giordano.
3:21 of 3rd period - Puck is out of play.
3:22 of 3rd period - Brandon Sutter wins face-off versus Sean Monahan in Calgary Flames zone.
3:39 of 3rd period - Colin Miller is hit by Robert Hagg and loses puck.
4:00 of 3rd period - Josh Anderson is hit by Brenden Dillon and loses puck.
5:23 of 3rd period - Slapshot by Ryan McDonagh.
5:23 of 3rd period - Stopped by Mike Smith with a rebound.
5:39 of 3rd period - Snap shot by Daniel Carr.
5:39 of 3rd period - Stopped by Henrik Lundqvist without a rebound.
5:40 of 3rd period - Sam Bennett wins face-off versus Scott Laughton in Philadelphia Flyers zone.
5:43 of 3rd period - Snap shot by Sam Bennett.
5:43 of 3rd period - Stopped by Henrik Lundqvist with a rebound.
6:17 of 3rd period - Snap shot by Wayne Simmonds.
6:17 of 3rd period - Stopped by Mike Smith with a rebound.
6:31 of 3rd period - Brandon Manning is hit by Micheal Ferland and loses puck.
6:38 of 3rd period - Slapshot by TJ Brodie.
6:38 of 3rd period - Shot Misses the Net.
6:54 of 3rd period - Snap shot by Sean Monahan.
6:54 of 3rd period - Shot Blocked by Ivan Provorov.
7:04 of 3rd period - Wrist shot by Nolan Patrick.
7:04 of 3rd period - Shot Misses the Net.
7:14 of 3rd period - Ryan McDonagh is hit by Adam Pelech.
7:15 of 3rd period - Ryan McDonagh from Philadelphia Flyers is injured at 7:15 of 3rd period (Sprained Left Ankle).
7:16 of 3rd period - Erik Haula wins face-off versus Sean Couturier in Philadelphia Flyers zone.
7:23 of 3rd period - Snap shot by Paul Byron.
7:23 of 3rd period - Goal by Paul Byron - Philadelphia Flyers : 4 - Calgary Flames : 1.
7:24 of 3rd period - Wayne Simmonds wins face-off versus Erik Haula in neutral zone.
8:12 of 3rd period - Wrist shot by Brandon Sutter.
8:12 of 3rd period - Shot Blocked by Daniel Carr.
8:32 of 3rd period - Off-side.
8:33 of 3rd period - Wayne Simmonds wins face-off versus Reilly Smith in neutral zone.
8:58 of 3rd period - Scott Laughton is hit by Adam Pelech and loses puck.
9:25 of 3rd period - Snap shot by Jakub Voracek.
9:25 of 3rd period - Shot Misses the Net.
9:27 of 3rd period - Wrist shot by Pavel Buchnevich.
9:27 of 3rd period - Shot Blocked by TJ Brodie.
9:29 of 3rd period - Snap shot by Claude Giroux.
9:29 of 3rd period - Stopped by Mike Smith without a rebound.
9:30 of 3rd period - Erik Haula wins face-off versus Sean Couturier in Calgary Flames zone.
9:35 of 3rd period - Wrist shot by Erik Haula.
9:35 of 3rd period - Stopped by Henrik Lundqvist with a rebound.
9:37 of 3rd period - Slapshot by Paul Byron.
9:37 of 3rd period - Stopped by Henrik Lundqvist without a rebound.
9:38 of 3rd period - Erik Haula wins face-off versus Wayne Simmonds in Philadelphia Flyers zone.
9:46 of 3rd period - Icing by Sean Couturier.
9:47 of 3rd period - Sean Couturier wins face-off versus Radek Faksa in Philadelphia Flyers zone.
10:01 of 3rd period - Slapshot by Mark Giordano.
10:01 of 3rd period - Shot Misses the Net.
10:11 of 3rd period - TJ Brodie is hit by Zdeno Chara and loses puck.
11:12 of 3rd period - Wayne Simmonds is hit by Radek Faksa and loses puck.
11:25 of 3rd period - Radek Faksa is hit by Sean Couturier and loses puck.
11:38 of 3rd period - Snap shot by Johnny Gaudreau.
11:38 of 3rd period - Stopped by Henrik Lundqvist without a rebound.
11:39 of 3rd period - Sean Monahan wins face-off versus Claude Giroux in Philadelphia Flyers zone.
11:40 of 3rd period - Snap shot by Johnny Gaudreau.
11:40 of 3rd period - Deflect By Jakub Voracek.
11:40 of 3rd period - Stopped by Henrik Lundqvist without a rebound.
11:41 of 3rd period - Brandon Sutter wins face-off versus Johnny Gaudreau in Philadelphia Flyers zone.
12:06 of 3rd period - Adam Pelech is hit by Jacob de la Rose and loses puck.
13:09 of 3rd period - Snap shot by Sean Monahan.
13:09 of 3rd period - Stopped by Henrik Lundqvist without a rebound.
13:10 of 3rd period - Sean Monahan wins face-off versus Nolan Patrick in Philadelphia Flyers zone.
13:11 of 3rd period - Snap shot by Johnny Gaudreau.
13:11 of 3rd period - Shot Misses the Net.
13:20 of 3rd period - Minor Penalty to Michael Stone for Roughing.
13:21 of 3rd period - Claude Giroux wins face-off versus Paul Byron in Calgary Flames zone.
13:21 of 3rd period - Wrist shot by Travis Konecny.
13:21 of 3rd period - Deflect By Mark Giordano.
13:21 of 3rd period - Shot Misses the Net.
13:21 of 3rd period - Puck is out of play.
13:22 of 3rd period - Claude Giroux wins face-off versus Paul Byron in Calgary Flames zone.
13:23 of 3rd period - Wrist shot by Wayne Simmonds.
13:23 of 3rd period - Goal by Wayne Simmonds - Philadelphia Flyers : 5 - Calgary Flames : 1.
13:24 of 3rd period - Michael Frolik wins face-off versus Claude Giroux in neutral zone.
13:49 of 3rd period - Adam Pelech is hit by Nolan Patrick and loses puck.
13:56 of 3rd period - Slapshot by Jake Gardiner.
13:56 of 3rd period - Shot Misses the Net.
14:28 of 3rd period - Snap shot by Wayne Simmonds.
14:28 of 3rd period - Stopped by Mike Smith without a rebound.
14:29 of 3rd period - Radek Faksa wins face-off versus Sean Couturier in Calgary Flames zone.
14:40 of 3rd period - Snap shot by Travis Konecny.
14:40 of 3rd period - Stopped by Mike Smith without a rebound.
14:41 of 3rd period - Claude Giroux wins face-off versus Erik Haula in Calgary Flames zone.
14:50 of 3rd period - Slapshot by Claude Giroux.
14:50 of 3rd period - Shot Blocked by Colin Miller.
14:52 of 3rd period - Slapshot by Ivan Provorov.
14:52 of 3rd period - Stopped by Mike Smith without a rebound.
14:53 of 3rd period - Nolan Patrick wins face-off versus Paul Byron in Calgary Flames zone.
15:09 of 3rd period - Off-side.
15:10 of 3rd period - Sam Bennett wins face-off versus Brandon Sutter in neutral zone.
15:10 of 3rd period - Sam Bennett is hit by Zdeno Chara.
15:16 of 3rd period - Wrist shot by Sam Bennett.
15:16 of 3rd period - Shot Blocked by Brenden Dillon.
15:22 of 3rd period - Slapshot by Alex Chiasson.
15:22 of 3rd period - Shot Misses the Net.
15:39 of 3rd period - Snap shot by Pavel Buchnevich.
15:39 of 3rd period - Stopped by Mike Smith with a rebound.
15:41 of 3rd period - Snap shot by Claude Giroux.
15:41 of 3rd period - Goal by Claude Giroux - Philadelphia Flyers : 6 - Calgary Flames : 1.
15:42 of 3rd period - Nolan Patrick wins face-off versus Radek Faksa in neutral zone.
15:48 of 3rd period - Michael Raffl beats up Radek Faksa.
15:48 of 3rd period - Penalty to Radek Faksa for Fighting.
15:48 of 3rd period - Penalty to Michael Raffl for Fighting.
15:49 of 3rd period - Sean Couturier wins face-off versus Erik Haula in neutral zone.
16:04 of 3rd period - Slapshot by Sean Couturier.
16:04 of 3rd period - Shot Blocked by Jake Gardiner.
16:33 of 3rd period - Alex Chiasson and Wayne Simmonds fight to a draw.
16:33 of 3rd period - Penalty to Alex Chiasson for Fighting.
16:33 of 3rd period - Penalty to Wayne Simmonds for Fighting.
16:33 of 3rd period - Penalty to Alex Chiasson for instigated a fight.
16:33 of 3rd period - Penalty to Alex Chiasson for instigated a fight.
16:34 of 3rd period - Paul Byron wins face-off versus Sean Couturier in neutral zone.
16:43 of 3rd period - Michael Stone is hit by Sean Couturier and loses puck.
17:06 of 3rd period - Wrist shot by Ivan Provorov.
17:06 of 3rd period - Goal by Ivan Provorov - Philadelphia Flyers : 7 - Calgary Flames : 1.
17:07 of 3rd period - Sean Monahan wins face-off versus Nolan Patrick in neutral zone.
17:14 of 3rd period - Slapshot by Reilly Smith.
17:14 of 3rd period - Stopped by Henrik Lundqvist with a rebound.
17:20 of 3rd period - Johnny Gaudreau is hit by Jacob de la Rose.
17:33 of 3rd period - Brian Gionta is hit by Colin Miller and loses puck.
18:13 of 3rd period - Snap shot by Ivan Provorov.
18:13 of 3rd period - Stopped by Mike Smith without a rebound.
18:14 of 3rd period - Nolan Patrick wins face-off versus Paul Byron in Calgary Flames zone.
19:30 of 3rd period - Brandon Manning is hit by TJ Brodie.
Goals for this period are 4 for Philadelphia Flyers vs 1 for Calgary Flames.
Shots for this period are 14 for Philadelphia Flyers vs 9 for Calgary Flames.